 Dungeon Crawl Stone Soup version 0.24-a0-715-g0b739ee41d (webtiles) character file.

Game seed: 13062693655837571019, levelgen mode: deterministic

33 Kairok the Sneak (level 3, -1/27 HPs)
             Began as a Vine Stalker Assassin on Sept 30, 2019.
             Slain by a bullfrog (4 damage)
             ... on level 1 of the Dungeon.
             The game lasted 00:02:00 (759 turns).

Kairok the Sneak (Vine Stalker Assassin)             Turns: 759, Time: 00:02:00

Health: -1/27      AC: 21    Str: 11    XL:     3   Next: 29%
Magic:  0/4        EV:  2    Int: 11    God:
Gold:   84         SH:  0    Dex: 16    Spells: 2/2 levels left

rFire    . . .     SeeInvis .   h - +3 dagger
rCold    . . .     Gourm    .   (no shield)
rNeg     + + +     Faith    .   (armour currently unavailable)
rPois    +         Spirit   +   (helmet currently unavailable)
rElec    .         Reflect  .   (cloak currently unavailable)
rCorr    .         Harm     .   (gloves currently unavailable)
MR       .....     NoTele   +   (boots currently unavailable)
Stlth    +++.......             (no amulet)
HPRegen  0.09/turn              j - ring of flight
MPRegen  0.09/turn              l - ring of positive energy

@: tree-form
A: weak 1, wild magic 1, magic shield, no potion heal 3, rot immunity
a: no special abilities


You were on level 1 of the Dungeon.
You were not hungry.
You were a tree.
You visited 1 branch of the dungeon, and saw 2 of its levels.

You collected 84 gold pieces.

Inventory:

Hand Weapons
 a - a +2 dagger
 h - a +3 dagger (weapon)
Missiles
 d - 8 poisoned darts (quivered)
 e - 2 curare-tipped darts
Armour
 b - a +0 robe
 c - a +0 cloak (melded)
 q - a +0 ring mail (melded)
Jewellery
 j - a ring of flight (left branch)
 l - a ring of positive energy (right branch)
Comestibles
 f - 2 rations


   Skills:
 + Level 2.0 Fighting
 + Level 2.0 Short Blades
 + Level 1.8 Throwing
 + Level 0.7 Dodging
 + Level 5.9 Stealth


You had 2 spell levels left.
You didn't know any spells.
Your spell library was empty.

Dungeon Overview and Level Annotations

Branches:
Dungeon (2/15)

Altars:


Innate Abilities, Weirdness & Mutations

((You have extremely sharp teeth.))
When hurt, damage is shared between your health and your magic reserves.
((Your bite disrupts and absorbs the magic of your enemies.))
Potions cannot restore your health.
You are immune to rotting.
((You are partially covered in molten scales. (AC +2)))
((You are partially covered in yellow scales. (AC +2)))
You are weak. (Str -2)
Your spells are a little harder to cast, but a little more powerful.


Message History

The bullfrog hits you but does no damage.
There is a stone staircase leading up here.
The bullfrog barely misses you. x2
You climb upwards.
There is a stone staircase leading down here.
The bullfrog hits you but does no damage.
The bullfrog hits you.
You aren't carrying any scrolls.
Unknown command.
It was a potion of curing.
That felt strangely inert.
The bullfrog hits you but does no damage.
It was a potion of lignification.
You turn into a tree.
Your +0 cloak melds into your body.
Your +0 ring mail melds into your body.
Your roots penetrate the ground.
The bullfrog hits you but does no damage.
The bullfrog barely misses you.
You hit the bullfrog.
The bullfrog is severely wounded.
The bullfrog hits you.
You die...

##...)............# #(.....###
##..........###...# #.###### #
##.....##.### #..## #.# ##
####.####.# #..# #.# ##. # #.#
#.# #>.# #)# #.# # #.# #.#
#..# #.# ##. # #.# #.# #..#
#.# ## # #.# #.# ##F# #.# #
####.# #.# #♣# #.# #
...#.####.# #.# #.# #
##........# #.# #.# #
.......#### #.# #.# # ####.#.#
#.#######.########
#.#.#########.................
#.............######.#########
#############.######.#
#........#


You could see a bullfrog.

Vanquished Creatures
  2 dart slugs (D:1)
  2 leopard geckos (D:1)
  3 giant cockroaches
  2 goblins (D:1)
  5 hobgoblins (D:1)
  2 bats (D:1)
  2 frilled lizards (D:1)
  6 kobolds (D:1)
  2 rats (D:1)
26 creatures vanquished.

Notes
Turn   | Place    | Note
-------+----------+-------------------------------------------
     0 | D:1      | Kairok the Vine Stalker Assassin began the quest for the
                  | Orb.
     0 | D:1      | Reached XP level 1. HP: 11/11 MP: 2/2
    30 | D:1      | Reached skill level 5 in Stealth
    34 | D:1      | Reached XP level 2. HP: 15/15 MP: 3/3
   358 | D:1      | Reached XP level 3. HP: 18/18 MP: 4/4
   666 | D:1      | Gained mutation: You are weak. (Str -2) [potion of
                  | mutation]
   666 | D:1      | Gained mutation: Your spells are a little harder to cast,
                  | but a little more powerful. [potion of mutation]
   666 | D:1      | Gained mutation: You are partially covered in molten
                  | scales. (AC +2) [potion of mutation]
   666 | D:1      | Gained mutation: You are partially covered in yellow
                  | scales. (AC +2) [potion of mutation]
   724 | D:2      | Noticed a bullfrog
   759 | D:1      | Slain by a bullfrog

Levels and vault maps discovered:
D:1:      psy_arrival_fountain, layout_loops_ring
D:2:      minmay_diamond_boxcup, layout_loops_ring,
          lemuel_coloured_pillars_altar, lemuel_old_faithful

Skill      XL: |  1  2 |
---------------+-------+-----
Fighting       | 2 |  2.0
Stealth        | 5 |  5.9
Short Blades   | 2 |  2.0
Throwing       | |  1.8
Dodging        | |  0.7

Action                   || total
-------------------------++-------
Melee: Dagger            ||    50
       Bite              ||    10
  Use: Scroll            ||     5
       Potion            ||     3
 Stab: Sleeping          ||    11
Armor: Robe              ||     3
       Ring mail         ||    12
       Skin              ||     1
Dodge: Dodged            ||    30

Table legend:
 A = Non-vault XP
 B = Vault XP
 C = Vault XP percentage of total XP
 D = Non-vault monster count
 E = Vault monster count
 F = Vault count percentage of total count
                 A         B        C        D         E       F
            +---------+---------+-------+---------+---------+-------
      Total |      48 |       0 |   0.0 |      26 |       0 |   0.0
            +---------+---------+-------+---------+---------+-------
        D:1 |      46 |       0 |   0.0 |      25 |       0 |   0.0
        D:2 |       2 |       0 |   0.0 |       1 |       0 |   0.0
            +---------+---------+-------+---------+---------+-------
